PCL
ALBUQUERQUE ISOTOPES @ SANTA MONICA BRUINS
08/06/2028
 
TOP OF THE 1ST
Albuquerque Isotopes batting - Pitching for Santa Monica Bruins : RHP Craig Lewis
Pitching: RHP Craig Lewis
Batting: LHB Fernando Ortíz 0-0: Called Strike
0-1: Ball
1-1: Foul Ball, location: 2F
1-2: Fly out, F7 (Flyball, 7S)
Batting: SHB Edward Bartlett 0-0: Foul Ball, location: 2F
0-1: Ball
1-1: Ball
2-1: Called Strike
2-2: Ball
3-2: Base on Balls
Batting: RHB Will Lott 0-0: Foul Ball, location: 2F
0-1: Ball
1-1: Foul Ball, location: 2F
1-2: Ball
2-2: Strikes out swinging
Batting: SHB Clint Woods 0-0: Foul Ball, location: 2F
0-1: Ball
1-1: Foul Ball, location: 2F
1-2: Ground out 6-3 (Groundball, 6M)
Top of the 1st over - 0 run(s), 0 hit(s), 0 error(s), 1 left on base; Albuquerque 0 - Santa Monica 0
BOTTOM OF THE 1ST
Santa Monica Bruins batting - Pitching for Albuquerque Isotopes : RHP Ron Crawford
Pitching: RHP Ron Crawford
Batting: LHB Francisco Medina 0-0: Called Strike
0-1: Swinging Strike
0-2: Strikes out swinging
Batting: RHB Alfredo López 0-0: SINGLE (Flyball, 8LS)
Batting: LHB Noriaki Sangi 0-0: Ball
1-0: Ball
2-0: Ground out 5-3 (Groundball, 56S)
Alfredo López to second
Batting: LHB Brent Alonzo 0-0: Swinging Strike
0-1: Reached on error, E4 (Groundball, 4)
Alfredo López scores
Batting: RHB Roberto Cruz 0-0: SINGLE (Groundball, 6) (infield hit)
Brent Alonzo to third
Batting: LHB Ken Phillips 0-0: Called Strike
0-1: Hit by Pitch
Roberto Cruz to second
Batting: RHB Salvador Salas 0-0: Called Strike
0-1: Swinging Strike
0-2: Foul Ball, location: 2F
0-2: Fly out, F6 (Line Drive, 6)
Bottom of the 1st over - 1 run(s), 2 hit(s), 1 error(s), 3 left on base; Albuquerque 0 - Santa Monica 1
TOP OF THE 2ND
Albuquerque Isotopes batting - Pitching for Santa Monica Bruins : RHP Craig Lewis
Batting: LHB Héctor Soto 0-0: Ball
1-0: Ball
2-0: Ball
3-0: Base on Balls
Batting: RHB Juan Vareas 0-0: Reached on error, E6 (Groundball, 6)
Héctor Soto to second
Batting: RHB Sam Wallace 0-0: Ball
1-0: Called Strike
1-1: Ball
2-1: Grounds into double play, 5-4-3 (Groundball, 56)
Héctor Soto to third
Batting: RHB Raúl Bauza 0-0: Ball
1-0: Ground out 6-3 (Groundball, 6)
Top of the 2nd over - 0 run(s), 0 hit(s), 1 error(s), 1 left on base; Albuquerque 0 - Santa Monica 1
BOTTOM OF THE 2ND
Santa Monica Bruins batting - Pitching for Albuquerque Isotopes : RHP Ron Crawford
Batting: LHB Ramiro Martínez 0-0: Called Strike
0-1: Ground out 4-3 (Groundball, 4)
Batting: SHB Chris Woods 0-0: Foul Ball, location: 2F
0-1: Ball
1-1: Ball
2-1: Foul Ball, location: 2F
2-2: Ground out 5-3 (Groundball, 56S)
Batting: LHB Francisco Medina 0-0: Called Strike
0-1: Foul Ball, location: 2F
0-2: Ball
1-2: Strikes out swinging
Bottom of the 2nd over - 0 run(s), 0 hit(s), 0 error(s), 0 left on base; Albuquerque 0 - Santa Monica 1
TOP OF THE 3RD
Albuquerque Isotopes batting - Pitching for Santa Monica Bruins : RHP Craig Lewis
Batting: RHB Jesse McKnight 0-0: Called Strike
0-1: Called Strike
0-2: Foul Ball, location: 2F
0-2: Ball
1-2: Foul Ball, location: 2F
1-2: Strikes out swinging
Batting: LHB Fernando Ortíz 0-0: Called Strike
0-1: Foul Ball, location: 2F
0-2: Ball
1-2: Ball
2-2: Strikes out looking
Batting: SHB Edward Bartlett 0-0: Called Strike
0-1: Called Strike
0-2: Strikes out swinging, 2-3 out at first.
Top of the 3rd over - 0 run(s), 0 hit(s), 0 error(s), 0 left on base; Albuquerque 0 - Santa Monica 1
BOTTOM OF THE 3RD
Santa Monica Bruins batting - Pitching for Albuquerque Isotopes : RHP Ron Crawford
Batting: RHB Alfredo López 0-0: Foul Ball, location: 2F
0-1: Called Strike
0-2: Ball
1-2: Ball
2-2: Ball
3-2: Strikes out swinging, 2-3 out at first.
Batting: LHB Noriaki Sangi 0-0: Ball
1-0: Ground out 2-3 (Groundball, 15S)
Batting: LHB Brent Alonzo 0-0: Ball
1-0: Called Strike
1-1: SINGLE (Line Drive, 6D)
Batting: RHB Roberto Cruz 0-0: Called Strike
0-1: Ball
1-1: Ball
2-1: Fielders Choice at 2nd, 6-4 (Groundball, 6)
Bottom of the 3rd over - 0 run(s), 1 hit(s), 0 error(s), 0 left on base; Albuquerque 0 - Santa Monica 1
TOP OF THE 4TH
Albuquerque Isotopes batting - Pitching for Santa Monica Bruins : RHP Craig Lewis
Batting: RHB Will Lott 0-0: Swinging Strike
0-1: Called Strike
0-2: Fly out, F8 (Flyball, 8RD)
Batting: SHB Clint Woods 0-0: Ball
1-0: Ball
2-0: Ball
3-0: Called Strike
3-1: Base on Balls
Batting: LHB Héctor Soto 0-0: Foul Ball, location: 2F
0-1: Fly out, F8 (Flyball, 8LXD)
Batting: RHB Juan Vareas 0-0: Swinging Strike
0-1: Swinging Strike
0-2: Ball
1-2: Strikes out swinging
Top of the 4th over - 0 run(s), 0 hit(s), 0 error(s), 1 left on base; Albuquerque 0 - Santa Monica 1
BOTTOM OF THE 4TH
Santa Monica Bruins batting - Pitching for Albuquerque Isotopes : RHP Ron Crawford
Batting: LHB Ken Phillips 0-0: Fly out, F8 (Flyball, 8RM)
Batting: RHB Salvador Salas 0-0: Ball
1-0: DOUBLE (Flyball, 78D)
Batting: LHB Ramiro Martínez 0-0: Ball
1-0: Ball
2-0: Ground out 4-3 (Groundball, 34)
Salvador Salas to third
Batting: SHB Chris Woods 0-0: Ball
1-0: Called Strike
1-1: Foul Ball, location: 2F
1-2: Fly out, F9 (Flyball, 9D)
Bottom of the 4th over - 0 run(s), 1 hit(s), 0 error(s), 1 left on base; Albuquerque 0 - Santa Monica 1
TOP OF THE 5TH
Albuquerque Isotopes batting - Pitching for Santa Monica Bruins : RHP Craig Lewis
Batting: RHB Sam Wallace 0-0: Ball
1-0: Foul Ball, location: 2F
1-1: Called Strike
1-2: Foul Ball, location: 2F
1-2: Foul Ball, location: 2F
1-2: Strikes out swinging
Batting: RHB Raúl Bauza 0-0: Ball
1-0: Ball
2-0: Fly out, F9 (Flyball, 89M)
Batting: RHB Jesse McKnight 0-0: Called Strike
0-1: Fly out, F3 (Popup, 3S)
Top of the 5th over - 0 run(s), 0 hit(s), 0 error(s), 0 left on base; Albuquerque 0 - Santa Monica 1
BOTTOM OF THE 5TH
Santa Monica Bruins batting - Pitching for Albuquerque Isotopes : RHP Ron Crawford
Batting: LHB Francisco Medina 0-0: Called Strike
0-1: Foul Ball, location: 2F
0-2: Ball
1-2: Foul Ball, location: 2F
1-2: Ground out U3 (Groundball, 3)
Batting: RHB Alfredo López 0-0: Ball
1-0: Ball
2-0: Called Strike
2-1: Foul Ball, location: 2F
2-2: Ball
3-2: Foul Ball, location: 2F
3-2: Strikes out swinging
Batting: LHB Noriaki Sangi 0-0: Called Strike
0-1: Foul Ball, location: 2F
0-2: Fly out, F8 (Flyball, 78D)
Bottom of the 5th over - 0 run(s), 0 hit(s), 0 error(s), 0 left on base; Albuquerque 0 - Santa Monica 1
TOP OF THE 6TH
Albuquerque Isotopes batting - Pitching for Santa Monica Bruins : RHP Craig Lewis
Batting: LHB Fernando Ortíz 0-0: Called Strike
0-1: Ball
1-1: Ball
2-1: Swinging Strike
2-2: Strikes out swinging
Batting: SHB Edward Bartlett 0-0: Called Strike
0-1: Ball
1-1: Ball
2-1: SINGLE (Groundball, 6MD)
Batting: RHB Will Lott 0-0: Ball
1-0: Ground out 5-3 (Groundball, 56S)
Edward Bartlett to second
Batting: SHB Clint Woods 0-0: Ball
1-0: Ball
2-0: Called Strike
2-1: Ball
3-1: Foul Ball, location: 2F
3-2: Base on Balls
Batting: LHB Héctor Soto 0-0: Ball
1-0: Swinging Strike
1-1: Ball
2-1: Ball
3-1: Foul Ball, location: 2F
3-2: Foul Ball, location: 2F
3-2: 3-RUN HOME RUN (Line Drive, 7LD), Distance : 340 ft
Batting: RHB Juan Vareas 0-0: Ball
1-0: Called Strike
1-1: Ground out 4-3 (Groundball, 34)
Top of the 6th over - 3 run(s), 2 hit(s), 0 error(s), 0 left on base; Albuquerque 3 - Santa Monica 1
BOTTOM OF THE 6TH
Santa Monica Bruins batting - Pitching for Albuquerque Isotopes : RHP Ron Crawford
Batting: LHB Brent Alonzo 0-0: Called Strike
0-1: Ball
1-1: Fly out, F8 (Flyball, 78D)
Batting: RHB Roberto Cruz 0-0: Swinging Strike
0-1: Called Strike
0-2: Foul Ball, location: 2F
0-2: Foul Ball, location: 2F
0-2: Strikes out looking
Batting: LHB Ken Phillips 0-0: Called Strike
0-1: Ground out 5-3 (Groundball, 56)
Bottom of the 6th over - 0 run(s), 0 hit(s), 0 error(s), 0 left on base; Albuquerque 3 - Santa Monica 1
TOP OF THE 7TH
Albuquerque Isotopes batting - Pitching for Santa Monica Bruins : RHP Craig Lewis
Pitching: RHP Cipriano Montáñez
Batting: RHB Sam Wallace 0-0: Ball
1-0: Ball
2-0: Ball
3-0: Called Strike
3-1: Foul Ball, location: 2F
3-2: Ground out 6-3 (Groundball, 56)
Batting: RHB Raúl Bauza 0-0: Ball
1-0: Ball
2-0: Ball
3-0: Called Strike
3-1: Fly out, F7 (Flyball, 7)
Batting: RHB Jesse McKnight 0-0: Ground out 6-3 (Groundball, 6)
Top of the 7th over - 0 run(s), 0 hit(s), 0 error(s), 0 left on base; Albuquerque 3 - Santa Monica 1
BOTTOM OF THE 7TH
Santa Monica Bruins batting - Pitching for Albuquerque Isotopes : RHP Ron Crawford
Batting: RHB Salvador Salas 0-0: Called Strike
0-1: Called Strike
0-2: Ball
1-2: Foul Ball, location: 2F
1-2: SINGLE (Groundball, 6D)
Batting: LHB Ramiro Martínez 0-0: Ball
1-0: SINGLE (Groundball, 6M) (infield hit)
Salvador Salas to second
Pinch Runner at 2nd Ken Hernández:
Batting: SHB Chris Woods 0-0: Ball
1-0: SINGLE (Groundball, 6D)
Ken Hernández to third
Ramiro Martínez to second
Runner from 3rd tries for Home, SAFE, no throw
Batting: LHB Francisco Medina 0-0: Ball
1-0: Ball
2-0: Called Strike
2-1: Swinging Strike
2-2: Foul Ball, location: 2F
2-2: Hit by Pitch
Ramiro Martínez to third
Chris Woods to second
Batting: RHB Alfredo López 0-0: Foul Ball, location: 2F
0-1: GRAND SLAM HOME RUN (Flyball, 8LD), Distance : 409 ft
Pitching: LHP Sean Perry
Batting: LHB Noriaki Sangi 0-0: Called Strike
0-1: Ball
1-1: Foul Ball, location: 2F
1-2: Foul Ball, location: 2F
1-2: Ball
2-2: Foul Ball, location: 2F
2-2: Ball
3-2: Fly out, F8 (Flyball, 8LM)
Batting: LHB Brent Alonzo 0-0: Foul Ball, location: 2F
0-1: Fly out, F8 (Flyball, 8LXD)
Batting: RHB Roberto Cruz 0-0: SINGLE (Groundball, 56D)
Batting: LHB Ken Phillips 0-0: Ball
1-0: Swinging Strike
1-1: Ground out 4-3 (Groundball, 34)
Bottom of the 7th over - 5 run(s), 5 hit(s), 0 error(s), 1 left on base; Albuquerque 3 - Santa Monica 6
TOP OF THE 8TH
Albuquerque Isotopes batting - Pitching for Santa Monica Bruins : RHP Cipriano Montáñez
Now at 3B: Ernest Russell
Batting: LHB Fernando Ortíz 0-0: Foul Ball, location: 2F
0-1: Ball
1-1: Ball
2-1: Foul Ball, location: 2F
2-2: Foul Ball, location: 2F
2-2: Ball
3-2: Strikes out swinging
Batting: SHB Edward Bartlett 0-0: Ball
1-0: Called Strike
1-1: Ball
2-1: Foul Ball, location: 2F
2-2: SINGLE (Line Drive, 6D)
Batting: RHB Will Lott 0-0: Ball
1-0: Foul Ball, location: 2F
1-1: Ball
2-1: Swinging Strike
2-2: Foul Ball, location: 2F
2-2: Foul Ball, location: 2F
2-2: Ball
3-2: Fly out, F5 (Line Drive, 56)
Batting: SHB Clint Woods 0-0: Called Strike
0-1: Ball
1-1: DOUBLE (Groundball, 3L)
Edward Bartlett to third
Runner from 3rd tries for Home, SAFE, no throw
Pitching: RHP Guillermo Martínez
Batting: LHB Héctor Soto 0-0: Called Strike
0-1: Swinging Strike
0-2: Ball
1-2: Ball
Wild Pitch!
Clint Woods to third
2-2: Foul Ball, location: 2F
2-2: Strikes out looking
Top of the 8th over - 1 run(s), 2 hit(s), 0 error(s), 1 left on base; Albuquerque 4 - Santa Monica 6
BOTTOM OF THE 8TH
Santa Monica Bruins batting - Pitching for Albuquerque Isotopes : LHP Sean Perry
Batting: RHB Ernest Russell 0-0: Foul Ball, location: 2F
0-1: Ball
1-1: Ball
2-1: Ball
3-1: Foul Ball, location: 2F
3-2: SINGLE (Groundball, 56) (infield hit)
Batting: LHB Ramiro Martínez 0-0: Ball
1-0: Sac Bunt - play at first, batter OUT! 1-4
Ernest Russell to second
Batting: SHB Chris Woods 0-0: Intentional Walk
Pinch Hitting: RHB Griswold Coleman 0-0: Ball
Ernest Russell steals 3rd base
Chris Woods to second
1-0: Ball
2-0: Ball
3-0: Base on Balls
Batting: RHB Alfredo López 0-0: GRAND SLAM HOME RUN (Line Drive, 9LD), Distance : 354 ft
Pitching: RHP Germán Hernández
Batting: LHB Noriaki Sangi 0-0: Ball
1-0: Ball
2-0: Ball
3-0: Called Strike
3-1: Foul Ball, location: 2F
3-2: Fly out, F4 (Popup, 4D)
Batting: LHB Brent Alonzo 0-0: Ball
1-0: Called Strike
1-1: Swinging Strike
1-2: Strikes out swinging
Bottom of the 8th over - 4 run(s), 2 hit(s), 0 error(s), 0 left on base; Albuquerque 4 - Santa Monica 10
TOP OF THE 9TH
Albuquerque Isotopes batting - Pitching for Santa Monica Bruins : RHP Guillermo Martínez
Now at 2B: Griswold Coleman
Batting: RHB Juan Vareas 0-0: Ball
1-0: Ball
2-0: Ground out 1-3 (Groundball, 15S)
Batting: RHB Sam Wallace 0-0: Ball
1-0: Foul Ball, location: 2F
1-1: Foul Ball, location: 2F
1-2: Strikes out swinging
Batting: RHB Raúl Bauza 0-0: SINGLE (Line Drive, 9S)
Batting: RHB Jesse McKnight 0-0: Ball
1-0: Called Strike
1-1: Foul Ball, location: 2F
1-2: Ball
2-2: Ball
3-2: 2-RUN HOME RUN (Flyball, 89XD), Distance : 414 ft
Batting: LHB Fernando Ortíz 0-0: Ball
1-0: Ball
2-0: Foul Ball, location: 2F
2-1: SOLO HOME RUN (Flyball, 9D), Distance : 365 ft
Batting: SHB Edward Bartlett 0-0: Foul Ball, location: 2F
0-1: Fly out, F9 (Flyball, 9LMF)
Top of the 9th over - 3 run(s), 3 hit(s), 0 error(s), 0 left on base; Albuquerque 7 - Santa Monica 10
Tuesday, August 8th, 2017 - OOTP Baseball 17.12 Build 75